 Dungeon Sprint DCSS version 0.21-a0-47-g7c8f537 (webtiles) character file.

4783 Kidiri the Grappler (level 10, -3/100 HPs)
             Began as a Troll Hunter on June 8, 2017.
             Was a Priest of Wu Jian.
             Slain by a dire elephant (7 damage)
             ... in the Dungeon (Sprint IX: "|||||||||||||||||||||||||||||").
             The game lasted 00:06:42 (1761 turns).

Kidiri the Grappler (Troll Hunter)                  Turns: 1761, Time: 00:06:43

Health: -3/100     AC:  5    Str: 22    XL:     10   Next: 23%
Magic:  12/12      EV: 16    Int: 10    God:    Wu Jian [***...]
Gold:   6          SH:  0    Dex: 16    Spells: 9/9 levels left

rFire    . . .     SeeInvis .     - Unarmed
rCold    + . .     Gourm    +   (no shield)
rNeg     . . .     Faith    .   b - +0 robe
rPois    .         Spirit   .   (helmet restricted)
rElec    .         Reflect  .   (no cloak)
rCorr    .         Harm     .   (gloves unavailable)
MR       +....     NoTele   +   (boots unavailable)
Stlth    ++........             (no amulet)
Regen    0.7/turn               p - +3 ring of dexterity
MPRegen  0.2/turn               q - +3 ring of intelligence

@: glowing, heavenly storm
A: unfitting armour, claws 3, cold resistance 1, fast metabolism 3, gourmand,
magic resistance 1, regeneration 1, shaggy fur 1, tough skin 2
a: Renounce Religion


You were in the Dungeon.
You worshipped Wu Jian.
Wu Jian was most pleased with you.
You were not hungry.

You visited 1 branch You collected 6 gold pieces.

Inventory:

Missiles
 c - 2 large rocks (quivered)
 d - a throwing net
Armour
 b - a +0 robe (worn)
Jewellery
 p - a +3 ring of dexterity (left claw)
 q - a +3 ring of intelligence (right claw)
Wands
 o - a wand of iceblast (7/15)
Scrolls
 k - 3 scrolls of blinking
 m - 4 scrolls of remove curse
 n - 2 scrolls of amnesia
 s - 4 scrolls of enchant weapon
 t - a scroll of identify
Potions
 a - a potion of might
 e - 6 potions of curing
 g - 2 potions of heal wounds
 h - a potion of haste
 i - 4 potions of magic
 j - 2 potions of berserk rage
 l - a potion of invisibility
Comestibles
 f - 3 bread rations


   Skills:
 + Level 6.4 Fighting
 * Level 10.3 Throwing
 + Level 6.1 Armour
 * Level 9.1 Dodging
 * Level 6.9 Stealth
 * Level 10.6 Unarmed Combat
 + Level 5.1 Evocations


You had 9 spell levels left.
You didn't know any spells.

Dungeon Overview and Level Annotations

Branches:
Dungeon (1/1)

Altars:
Cheibriados
Dithmenos
Elyvilon
Fedhas
Gozag
Hepliaklqana
Kikubaaqudgha
Makhleb
Nemelex Xobeh
Okawaru
Qazlal
Ru
Sif Muna
Trog
Uskayaw
Vehumet
Wu Jian
Xom
Yredelemnul
Zin
The Shining One
Beogh
Jiyva
Lugonu


Innate Abilities, Weirdness & Mutations

You are too large for most types of armour.
You have claws for hands.
Your metabolism is lightning-fast.
You like to eat raw meat.
Your natural rate of healing is unusually fast.
You are covered in fur. (AC +1)
You have very tough skin. (AC +2)
Your flesh is cold resistant. (rC+)
You are resistant to hostile enchantments. (MR+)


Message History

The dire elephant tramples you but does no damage.
The dire elephant trunk-slaps you!
You scratch the dire elephant. Your claw misses the dire elephant.
The dire elephant is lightly wounded.
The dire elephant barely misses you. The dire elephant closely misses you.
You scratch the dire elephant but do no damage.
The dire elephant is lightly wounded.
Unknown command.
You scratch the dire elephant but do no damage.
The dire elephant is lightly wounded.
The dire elephant closely misses you. The dire elephant trunk-slaps you!
You claw the dire elephant!
The dire elephant is moderately wounded.
The dire elephant tramples you!!!
* * * LOW HITPOINT WARNING * * *
You stumble backwards!
You scratch the dire elephant but do no damage.
The dire elephant is moderately wounded.
The dire elephant misses you. The dire elephant trunk-slaps you!
You die...

, , , , + , , * * * * * , , ** *
* * * **** * , , ,, ,, , * *** **
* * ** * ,,, ,,, , , , , ,,,
▓▓▓▓▓▓▓▓▓▓▓▓▓▓▓▓▓▓▓▓▓▓▓▓▓▓▓▓▓▓▓▓▓
..'........Y(§YY@§.(......'......
▓▓▓▓▓▓▓▓▓▓▓▓▓▓▓▓▓▓▓▓▓▓▓▓▓▓▓▓▓▓▓▓▓
.................................
▓▓▓▓▓▓▓▓▓▓▓▓▓▓▓▓▓▓▓▓▓▓▓▓▓▓▓▓▓▓▓▓▓
_________________'...)÷'....)'...
▓▓▓▓▓▓▓▓▓▓▓▓▓▓▓▓▓▓▓▓▓▓▓▓▓▓▓▓▓▓▓▓▓


You could see a dire elephant and an elephant.

Vanquished Creatures
  A hydra (D)
  A manticore (D)
  An elephant (D)
  A black mamba (D)
  2 spiny frogs (D)
  3 hippogriffs (D)
  2 yaks (D)
  2 hungry ghosts (D)
  A water moccasin (D)
  2 porcupines (D)
  An ice beast (D)
  A sky beast (D)
  A necrophage (D)
  2 wolves (D)
  An eye of draining (D)
  2 crocodiles (D)
  A centaur (D)
  3 bullfrogs (D)
  2 hounds (D)
  An iguana (D)
  A worker ant (D)
  An adder (D)
  2 dart slugs (D)
  A bat (D)
  A kobold (D)
  A ball python skeleton (D)
  A giant cockroach zombie (D)
  A quokka skeleton (D)
  A rat (D)
41 creatures vanquished.

Notes
Turn   | Place    | Note
-------+----------+-------------------------------------------
     0 | D        | Kidiri the Troll Hunter began the quest for the Orb.
     0 | D        | Reached XP level 1. HP: 19/19 MP: 0/0
     7 | D        | Reached skill level 1 in Unarmed Combat
    27 | D        | Reached skill level 1 in Stealth
    27 | D        | Reached XP level 2. HP: 28/28 MP: 1/1
    40 | D        | Noticed a centaur
    48 | D        | Reached skill level 1 in Armour
    48 | D        | Reached XP level 3. HP: 33/35 MP: 2/2
    54 | D        | Killed a centaur
    54 | D        | Reached skill level 5 in Throwing
    54 | D        | Reached XP level 4. HP: 37/44 MP: 3/3
    81 | D        | Found a roughly hewn altar of Beogh.
    81 | D        | Found a snail-covered altar of Cheibriados.
    81 | D        | Found a shadowy altar of Dithmenos.
    81 | D        | Found a white marble altar of Elyvilon.
    81 | D        | Found a blossoming altar of Fedhas.
    81 | D        | Found an opulent altar of Gozag.
    82 | D        | Found a hazy altar of Hepliaklqana.
    83 | D        | Found a viscous altar of Jiyva.
    84 | D        | Found an ancient bone altar of Kikubaaqudgha.
    85 | D        | Found a corrupted altar of Lugonu.
    86 | D        | Found a burning altar of Makhleb.
    87 | D        | Found a sparkling altar of Nemelex Xobeh.
    88 | D        | Found an iron altar of Okawaru.
    89 | D        | Found a stormy altar of Qazlal.
    90 | D        | Found a sacrificial altar of Ru.
    93 | D        | Found a deep blue altar of Sif Muna.
    94 | D        | Found a bloodstained altar of Trog.
    95 | D        | Found a hide-covered altar of Uskayaw.
    96 | D        | Found a radiant altar of Vehumet.
    97 | D        | Found an ornate altar of the Wu Jian Council.
    98 | D        | Found a shimmering altar of Xom.
    99 | D        | Found a basalt altar of Yredelemnul.
   100 | D        | Found a glowing silver altar of Zin.
   101 | D        | Found a glowing golden altar of the Shining One.
   105 | D        | Became a worshipper of the Wu Jian Council
   126 | D        | Noticed an ice beast
   126 | D        | Noticed a necrophage
   126 | D        | Noticed an eye of draining
   126 | D        | Noticed a yak
   126 | D        | Noticed a sky beast
   138 | D        | Killed a sky beast
   138 | D        | Reached skill level 5 in Unarmed Combat
   138 | D        | Reached skill level 1 in Evocations
   138 | D        | Reached XP level 5. HP: 25/53 MP: 0/4
   140 | D        | Killed a yak
   140 | D        | Reached skill level 5 in Dodging
   140 | D        | Reached XP level 6. HP: 31/62 MP: 0/6
   144 | D        | Reached * piety under Wu Jian
   149 | D        | Reached XP level 7. HP: 40/70 MP: 0/7
   157 | D        | Reached ** piety under Wu Jian
   290 | D        | Noticed a hungry ghost
   290 | D        | Noticed a manticore
   290 | D        | Noticed a hungry ghost
   297 | D        | Gained mutation: You passively map a small area around you. [mutagenic meat]
   298 | D        | Gained mutation: You evolve. [mutagenic meat]
   300 | D        | Killed a hungry ghost
   301 | D        | Killed a manticore
   301 | D        | Reached skill level 5 in Stealth
   301 | D        | Reached XP level 8. HP: 79/79 MP: 7/9
   306 | D        | Reached *** piety under Wu Jian
   648 | D        | Lost mutation: You passively map a small area around you. [potion of mutation]
   648 | D        | Lost mutation: You evolve. [potion of mutation]
   648 | D        | Gained mutation: You are resistant to hostile enchantments. (MR+) [potion of mutation]
   648 | D        | Gained mutation: Your flesh is cold resistant. (rC+) [potion of mutation]
   649 | D        | Noticed a hippogriff
   649 | D        | Noticed a black mamba
   649 | D        | Noticed a spiny frog
   650 | D        | Killed a spiny frog
   650 | D        | Reached skill level 5 in Fighting
   655 | D        | Killed a black mamba
   655 | D        | Reached **** piety under Wu Jian
   655 | D        | Reached XP level 9. HP: 43/88 MP: 9/11
   663 | D        | Reached skill level 5 in Armour
  1011 | D        | Reached ***** piety under Wu Jian
  1036 | D        | Noticed a four-headed hydra
  1036 | D        | Noticed a spiny frog
  1037 | D        | Killed a spiny frog
  1336 | D        | HP: 1/89 [eight-headed hydra (7)]
  1489 | D        | Reached skill level 10 in Unarmed Combat
  1493 | D        | Killed an eight-headed hydra
  1493 | D        | Reached skill level 10 in Throwing
  1493 | D        | Reached skill level 5 in Evocations
  1493 | D        | Reached XP level 10. HP: 49/98 MP: 12/12
  1730 | D        | Noticed a dire elephant
  1730 | D        | Noticed an elephant
  1730 | D        | Noticed an elephant
  1730 | D        | Noticed a dire elephant
  1730 | D        | Noticed an elephant
  1730 | D        | Noticed an elephant
  1731 | D        | Noticed a dire elephant
  1754 | D        | Killed an elephant
  1760 | D        | HP: 3/100 [dire elephant (36)]
  1761 | D        | Slain by a dire elephant

Vault maps used:
D:        linesprint

Skill      XL: |  1  2  3  4  5  6  7  8  9 10 |
---------------+-------------------------------+-----
Unarmed Combat | 1 2 3 5 6 7 8 10 | 10.6
Dodging        | 2 3 4 5 6 7 8 9 |  9.1
Stealth        | 1 2 3 4 5 6 |  6.9
Fighting       | 2 3 4 5 6 |  6.4
Throwing       | 4 5 6 8 10 | 10.3
Armour         | 1 2 3 4 6 |  6.1
Evocations     | 1 2 3 4 5 |  5.1

Action                   |  1- 3 |  4- 6 |  7- 9 | 10-12 || total
-------------------------+-------+-------+-------+-------++-------
Melee: Unarmed           |    34 |    14 |    86 |    16 ||   150
       Punch             |       |       |     4 |       ||     4
Throw: Large rock        |     3 |     7 |    14 |     3 ||    27
       Throwing net      |       |     4 |     2 |       ||     6
Invok: Serpent's Lash    |       |       |     4 |       ||     4
       Heavenly Storm    |       |       |     1 |     1 ||     2
  Use: Potion            |       |       |     3 |       ||     3
 Stab: Sleeping          |     1 |     1 |     2 |     1 ||     5
       Held in net/web   |       |     1 |     1 |       ||     2
  Eat: Chunk             |       |     6 |    19 |     4 ||    29
Armor: Robe              |    16 |     6 |    12 |     3 ||    37
Dodge: Dodged            |    17 |    11 |    67 |    13 ||   108
